[Event "*** Titled Tuesday Blitz"]
[Site "Chess.com"]
[Date "2019.03.05"]
[Round "1"]
[White "Last7Samurai"]
[Black "PowerThinking2650"]
[Result "1/2-1/2"]
[WhiteElo "2674"]
[BlackElo "2320"]
[TimeControl "180+2"]
[EndTime "13:07:23 PST"]
[Termination "Game drawn by repetition"]

1. e4 e5 2. Nf3 Nc6 3. Bb5 a6 4. Ba4 Nf6 5. O-O Be7 6. Re1 b5 7.
Bb3 d6 8. c3 O-O 9. h3 Bb7 10.
d4 Re8 11. Nbd2 Bf8 12. a3 h6 13. Bc2 Nb8 14. d5 c6 15. dxc6 Bxc6 16. Nf1 Nbd7 17. Ng3 a5 18. Nf5 Qb8 19. Nh2 Qb7 20. Qf3 d5 21.
exd5 Bxd5 22. Qg3 Kh8 23. Ng4 Nxg4 24. hxg4 f6 25. Bd2 e4 26. Rad1 Ne5 27. Bc1 Rad8 28.
Qh4 e3 29. Nxe3 Bxg2 30. Qg3 Nf3+ 31. Kxg2 Nxe1+ 32. Kh2 Nf3+ 33. Kh3 Ng5+ 34. Kh2 Nf3+ 35. Kh3 Ng5+ 36. Kh2 Nf3+ 1/2-1/2

[Event "*** Titled Tuesday Blitz"]
[Site "Chess.com"]
[Date "2019.03.05"]
[Round "1"]
[White "vladimir_petrov"]
[Black "Tjktiger"]
[Result "0-1"]
[WhiteElo "2408"]
[BlackElo "2798"]
[TimeControl "180+2"]
[EndTime "13:07:24 PST"]
[Termination "Tjktiger won by resignation"]

1. e4 d6 2. d4 Nf6 3. Nc3 g6 4. Be3 c6 5. f3 Nbd7 6. Qd2 Bg7 7. h4 b5 8. a4 b4 9. Nce2 a5 10. g4 Nb6 11. Nf4 h5 12. g5 Nfd7 13. Bd3 e5 14.
dxe5 Nxe5 15. Kd1 Nec4 16. Bxb6 Nxb2+ 17. Ke2 Qxb6 18. Re1 Bc3 19. Qc1 Bxe1 20. Kxe1 Nxd3+ 21. cxd3 b3 22. Qb2 O-O 23. Nge2 Rb8 24. d4 Ba6 25.
Kf2 Bxe2 26. Nxe2 Qb4 27. Rd1 Qxa4 28. Nc3 Qc4 29. d5 c5 30. e5 Qxh4+ 31. Kg2 Qxg5+ 32. Kh3 Qf5+ 33. Kg3 Qxe5+ 34. Kf2 Qh2+ 0-1

[Event "*** Titled Tuesday Blitz"]
[Site "Chess.com"]
[Date "2019.03.05"]
[Round "1"]
[White "NeverEverForever1990"]
[Black "StephenDedalus83"]
[Result "0-1"]
[WhiteElo "2345"]
[BlackElo "2707"]
[TimeControl "180+2"]
[EndTime "13:07:24 PST"]
[Termination "StephenDedalus83 won by resignation"]

1. d4 Nf6 2. c4 g6 3. Nc3 d5 4.
cxd5 Nxd5 5. e4 Nxc3 6. bxc3 Bg7 7. Nf3 c5 8. Rb1 O-O 9. Be2 cxd4 10. cxd4 Qa5+ 11. Bd2 Qxa2 12. O-O Qe6 13. Qc2 Qc6 14. Qd3 b6 15. Rfc1 Qd7 16. Bf4 Ba6 17. Qe3 Bxe2 18. Qxe2 Nc6 19. d5 Nd4 20. Nxd4 Bxd4 21. Rc7 Qd8 22. Qd2 Bc5 23. Rc6 f6 24. Qa2 Kg7 25. Qd2 g5 26. Bxg5 fxg5 27. Qxg5+ Kh8 28. Qe5+ Rf6 29. Rb3 Rc8 30. Rxc8 Qxc8 31. Rf3 Qf8 32. g4 Bd6 33. Qd4 Qg7 34. Rc3 Bc5 35. Qe5 Qxg4+ 36. Rg3 Bxf2+ 37. Kg2 Bxg3 38. hxg3 0-1

[Event "*** Titled Tuesday Blitz"]
[Site "Chess.com"]
[Date "2019.03.05"]
[Round "1"]
[White "GelmanAlexander"]
[Black "Jabberwockiez"]
[Result "1-0"]
[WhiteElo "2587"]
[BlackElo "2236"]
[TimeControl "180+2"]
[EndTime "13:07:24 PST"]
[Termination "GelmanAlexander won by resignation"]

1. d4 Nf6 2. Nc3 d5 3. Bf4 a6 4. e3 e6 5. g4 Bd6 6. Qf3 Bxf4 7. Qxf4 Qd6 8. Qf3 Qb6 9. O-O-O Nc6 10. g5 Ne4 11.
Nxe4 dxe4 12. Qxe4 Qa5 13. Bc4 Bd7 14. f4 O-O-O 15.
Nf3 Rhe8 16. Qxh7 b5 17. Bb3 Nb4 18. a3 Nd5 19. Qd3 b4 20. axb4 Nxb4 21. Qc3 Bb5 22.
Ne5 Rd6 23. Kb1 Ba4 24. Nc4 Rc6 25. Nxa5 Rxc3 26. bxc3 Bxb3 27. cxb3 Nd5 28. Kb2 Nxe3 29. Rd3 Nf5 30. Nc6 Kd7 31. Ne5+ Ke7 32. Ra1 Ra8 33. d5 exd5 34. Rxd5 Ne3 35. Rd7+ Ke6 36. Rxc7 f6 37. gxf6 gxf6 38. Nc4 Nd5 39. Rc6+ Kf5 40. Raxa6 Re8 41.
Nd6+ Kxf4 42. Nxe8 f5 43. Rc5 Ne3 44. Ng7 Kg4 45.
Rg6+ Kh3 46. Nxf5 Ng2 47. Rxg2 Kxg2 48. b4 Kxh2 49. b5 1-0

[Event "*** Titled Tuesday Blitz"]
[Site "Chess.com"]
[Date "2019.03.05"]
[Round "1"]
[White "GMMatamoros"]
[Black "Orest_Vovk"]
[Result "1-0"]
[WhiteElo "2532"]
[BlackElo "2146"]
[TimeControl "180+2"]
[EndTime "13:07:24 PST"]
[Termination "GMMatamoros won by resignation"]

1. Nf3 Nf6 2. c4 c5 3. Nc3 b6 4. e3 Bb7 5. d4 e6 6. d5 Bd6 7. e4 exd5 8. e5 Qe7 9. Qe2 d4 10.
Nb5 Bxf3 11. Nxd6+ Qxd6 12. gxf3 Qe6 13. exf6 gxf6 14.
Bh3 Qxe2+ 15. Kxe2 Nc6 16. f4 O-O-O 17. a3 Na5 18. Kd3 Nb3 19. Rb1 Kc7 20. Bg2 f5 21. Bd5 Rhg8 22. Kc2 Na5 23. b4 Nc6 24. Bd2 Ne7 25.
bxc5 bxc5 26. Ba5+ Kd6 27. Bxf7 Nc6 28. Bxd8 Rxd8 29.
Rhg1 Rf8 30. Rg7 h6 31. Re1 Rb8 32. Bd5 Na5 33. Ree7 Rd8 34. Ref7 1-0

[Event "*** Titled Tuesday Blitz"]
[Site "Chess.com"]
[Date "2019.03.05"]
[Round "1"]
[White "chesstatour"]
[Black "Poghosyan_Suren"]
[Result "0-1"]
[WhiteElo "2018"]
[BlackElo "2484"]
[TimeControl "180+2"]
[EndTime "13:07:26 PST"]
[Termination "Poghosyan_Suren won on time"]

1. c4 Nf6 2. Nc3 e6 3. e4 d5 4. e5 d4 5. exf6 dxc3 6. bxc3 Qxf6 7. Nf3 e5 8. d4 exd4 9. cxd4 Bb4+ 10. Bd2 Bxd2+ 11.
Qxd2 O-O 12. Be2 Bg4 13. O-O Nc6 14. Rfd1 Rad8 15. d5 Rfe8 16. h3 Bxf3 17. Bxf3 Ne5 18. Be2 b6 19. Rac1 Ng6 20. Bf1 Nf4 21. g3 Ne6 22. Qc3 Qxc3 23. Rxc3 Nc5 24. f3 a5 25. Kf2 Kf8 26. Re3 Rxe3 27. Kxe3 Ke7 28. Bd3 Kd6 29. h4 h6 30. Kd4 Re8 31. g4 c6 32. dxc6 Kxc6 33. Bc2 Re2 34. Kc3 Re3+ 35. Kb2 Rxf3 36. Rd8 Rf2 37. Rc8+ Kd7 38. Rb8 Kc7 0-1

[Event "*** Titled Tuesday Blitz"]
[Site "Chess.com"]
[Date "2019.03.05"]
[Round "1"]
[White "nochewycandy"]
[Black "vugarrasulov"]
[Result "0-1"]
[WhiteElo "2356"]
[BlackElo "2727"]
[TimeControl "180+2"]
[EndTime "13:07:27 PST"]
[Termination "vugarrasulov won by resignation"]

1. e4 c5 2. Nf3 e6 3. b3 a6 4.
c4 Nc6 5. Bb2 d6 6. d4 cxd4 7.
Nxd4 Nf6 8. Nxc6 bxc6 9. Nc3 Be7 10. Be2 O-O 11. O-O e5 12. Bf3 Be6 13. Na4 Qc7 14.
Qc2 Rac8 15. Rac1 Rfd8 16. Rfd1 Nd7 17. Ba3 Qb8 18. Qe2 Nb6 19. Nc3 a5 20. Rd3 a4 21.
Rcd1 axb3 22. axb3 Nxc4 23. bxc4 Bxc4 24. Qd2 Bxd3 25. Qxd3 Qa7 26. Bc1 Rb8 27. Be3 Qa5 28. Qc4 Rdc8 29. g3 d5 30. exd5 cxd5 31. Qxd5 Qxc3 32.
Rc1 Qb4 33. Rxc8+ Rxc8 34. Kg2 Rf8 35. h4 Qd6 36. Qe4 f5 0-1

[Event "*** Titled Tuesday Blitz"]
[Site "Chess.com"]
[Date "2019.03.05"]
[Round "1"]
[White "SimonKnightRivendell"]
[Black "fm_magua"]
[Result "0-1"]
[WhiteElo "2002"]
[BlackElo "2482"]
[TimeControl "180+2"]
[EndTime "13:07:28 PST"]
[Termination "fm_magua won by resignation"]

1. Nf3 c5 2. g3 Nc6 3. Bg2 e5 4. d3 d5 5. c4 d4 6. O-O Be6 7. a3 Be7 8. b4 cxb4 9. Bd2 bxa3 10. Nxa3 Nf6 11. Qb3 O-O 12. Qxb7 Qc8 13. Qxc8 Raxc8 14. Nb5 e4 15. Nfxd4 exd3 16. exd3 Nxd4 17. Nxd4 Bg4 18. Rfe1 Bc5 19. Nb3 Bb6 20. c5 Bxc5 21. Nxc5 Rxc5 22. Bb4 Rcc8 23. Bxf8 Rxf8 24. Rxa7 Rd8 25. Ra8 Rxa8 26.
Bxa8 g6 27. d4 Be6 28. f4 Kf8 29. Kf2 h5 30. Bf3 Bc4 31. Rc1 Be6 32. Ke3 Ke7 33. Rc5 Kd6 34. Ra5 Bc4 35. Rc5 Be6 36. Rc6+ Kd7 37.
Kd3 Bf5+ 38. Kc4 Ng4 39. Ra6 Nxh2 40. Ra7+ Kd6 41. Be2 Be6+ 42. Kc3 Ng4 43. Bxg4 hxg4 44. Ra5 Bd5 45. Kd3 Bb3 46. Rg5 Be6 47. Ke4 Ba2 48. Rxg4 f5+ 49. Ke3 fxg4 50. Kd3 Kd5 51. Ke3 Bb1 52. f5 gxf5 53. Kf4 Kxd4 54. Kg5 Ke3 55. Kh4 Kf3 0-1

[Event "*** Titled Tuesday Blitz"]
[Site "Chess.com"]
[Date "2019.03.05"]
[Round "1"]
[White "tunadrol"]
[Black "DACF2905"]
[Result "1-0"]
[WhiteElo "2490"]
[BlackElo "2064"]
[TimeControl "180+2"]
[EndTime "13:07:30 PST"]
[Termination "tunadrol won by checkmate"]

1. e4 c5 2. Nf3 e6 3. d4 cxd4 4. Nxd4 a6 5. Bd3 Nc6 6. Nxc6 dxc6 7. O-O e5 8. b3 Nf6 9. Bb2 Bd6 10. Nd2 O-O 11. a4 Be6 12. a5 Bc7 13. Bc3 Nd7 14. Nc4 f6 15. Bb4 c5 16. Bd2 Nb8 17. Ne3 Nc6 18.
Qe1 h5 19. Nd5 Kh7 20. c3 g6 21. Nxc7 Qxc7 22. b4 Rad8 23. Be2 c4 24. Be3 Rd7 25. f3 Ne7 26. Qh4 Nc8 27. f4 exf4 28. Bxf4 Qc6 29.
Be5 Rd2 30. Rxf6 Re8 31. Bxh5 Kg8 32. Rxg6+ Kf8 33. Qf6+ Bf7 34. Rg8+ Kxg8 35. Qg7# 1-0

[Event "*** Titled Tuesday Blitz"]
[Site "Chess.com"]
[Date "2019.03.05"]
[Round "1"]
[White "A-Fier"]
[Black "Warre"]
[Result "1-0"]
[WhiteElo "2747"]
[BlackElo "2391"]
[TimeControl "180+2"]
[EndTime "13:07:34 PST"]
[Termination "A-Fier won by checkmate"]

1. Nf3 Nf6 2. c4 e6 3. g3 d5 4. b3 Be7 5. Bg2 O-O 6. O-O d4 7. e3 c5 8. exd4 cxd4 9. Bb2 Nc6 10. Re1 Re8 11. d3 Bf8 12. Ne5 Nxe5 13. Rxe5 Nd7 14. Re2 e5 15. Qe1 Qb6 16. Nd2 Bb4 17. a3 Bxd2 18. Qxd2 Nc5 19. Bxd4 Nxb3 20. Bxb6 Nxd2 21. Be3 Nb3 22. Rb1 Na5 23. Bc5 Bf5 24. Re3 Nxc4 25. Ree1 Rac8 26. Bxa7 Bxd3 27. Rxb7 e4 28. a4 Nd2 29. a5 Nf3+ 30. Bxf3 exf3 31. Be3 h5 32. h3 Rc2 33. Rb3 Be2 34. Ra1 Rc6 35. Bb6 Ra8 36. Rb4 Rac8 37. g4 hxg4 38. hxg4 Rc1+ 39. Rxc1 Rxc1+ 40. Kh2 Ra1 41. Kg3 Ra2 42. Rd4 g6 43. Rd8+ Kg7 44. Bd4+ Kh7 45. Rh8# 1-0

[Event "*** Titled Tuesday Blitz"]
[Site "Chess.com"]
[Date "2019.03.05"]
[Round "1"]
[White "Mostii"]
[Black "Shant_Sargsyan"]
[Result "1-0"]
[WhiteElo "2454"]
[BlackElo "2917"]
[TimeControl "180+2"]
[EndTime "13:07:35 PST"]
[Termination "Mostii won by checkmate"]

1. d4 Nf6 2. Nf3 g6 3. g3 Bg7 4. Bg2 d5 5. O-O O-O 6. b3 Nc6 7.
Bb2 Ne4 8. Nbd2 Bf5 9. c4 e6 10. cxd5 exd5 11. Ne5 Nxe5 12. dxe5 Nxd2 13. Qxd2 c6 14.
Rfd1 Re8 15. f4 f6 16. e4 Bg4 17. Re1 fxe5 18. exd5 Qb6+ 19. Qf2 Qxf2+ 20. Kxf2 exf4 21. Bxg7 Kxg7 22. dxc6 bxc6 23. gxf4 Bd7 24. Rxe8 Rxe8 25. Rd1 Bg4 26. Re1 Rd8 27. Bxc6 Kf6 28. Bf3 Bf5 29.
Rd1 Rc8 30. Rd6+ Ke7 31. Rd2 Rc3 32. Bd5 Kf6 33. Bf3 a5 34. Rd6+ Ke7 35. Rd2 Rc1 36. Kg3 Rg1+ 37. Kf2 Ra1 38. Bd5 Bb1 39. a4 Bf5 40. Bc4 Kf6 41. Rd6+ Kg7 42. Ra6 Ra2+ 43. Kg3 h5 44. Ra7+ Kf6 45. Rf7# 1-0

[Event "*** Titled Tuesday Blitz"]
[Site "Chess.com"]
[Date "2019.03.05"]
[Round "1"]
[White "TST2014"]
[Black "The_Lost_Rogainer"]
[Result "0-1"]
[WhiteElo "2491"]
[BlackElo "2120"]
[TimeControl "180+2"]
[EndTime "13:07:35 PST"]
[Termination "The_Lost_Rogainer won by resignation"]

1. d4 Nf6 2. c4 e6 3. Nf3 d5 4. Nc3 Bb4 5. e3 O-O 6. Bd3 c5 7. O-O dxc4 8. Bxc4 Nbd7 9. a3 cxd4 10. exd4 Bxc3 11.
bxc3 Qc7 12. Qd3 b6 13. Bd2 Bb7 14. Ba6 Bxa6 15. Qxa6 Rfc8 16. a4 Qc4 17. Qb5 Rc7 18. Rfb1 Rac8 19. h3 Nd5 20. Rc1 h6 21. Qb2 Qd3 22.
Ra3 Qc4 23. Be1 Nf4 24. Nd2 Qc6 25. Nf3 Nd3 26. Qb1 Nxc1 27. Qxc1 Qd6 28. Qb2 Rc4 29. Bd2 Qc6 30. a5 b5 31. a6 Ra4 32. Rb3 Rxa6 33.
Rxb5 Rb6 34. Rxb6 Qxb6 35. Qa2 Nf6 36. c4 Rb8 37. Qa4 Ne4 38. Bf4 Rc8 39. c5 Qb1+ 40. Kh2 Nxf2 41. Qd7 Qh1+ 42. Kg3 Ne4+ 43. Kh4 g5+ 44.
Bxg5 hxg5+ 45. Nxg5 Qe1+ 46. Kh5 Nf6+ 47. Kh6 Nxd7 48.
Nf3 Qe3+ 49. Kh5 Kg7 50. Kg4 Nf6+ 51. Kg3 Ne4+ 52. Kh2 Qf4+ 53. Kg1 Rb8 0-1

[Event "*** Titled Tuesday Blitz"]
[Site "Chess.com"]
[Date "2019.03.05"]
[Round "1"]
[White "Alex_Terzi"]
[Black "Micki-taryan"]
[Result "0-1"]
[WhiteElo "2443"]
[BlackElo "2952"]
[TimeControl "180+2"]
[EndTime "13:07:36 PST"]
[Termination "Micki-taryan won by resignation"]

1. e4 c5 2. Nf3 e6 3. d4 cxd4 4. Nxd4 a6 5. c4 Qc7 6. Nc3 d6 7. Be3 Nf6 8. f3 Be7 9. Be2 O-O 10. O-O b6 11. Qd2 Bb7 12. Rac1 Nbd7 13. Rfd1 Rfd8 14.
b4 Rac8 15. a3 Qb8 16. Bf1 Ba8 17. Nb3 h6 18. Qf2 Ne5 19. Na4 b5 20. Nb6 bxc4 21. Nxc8 Rxc8 22. Na5 d5 23. exd5 Bxd5 24. h3 Bd6 25.
Bd4 Nh5 26. Re1 Nf4 27. Bxe5 Bxe5 28. Bxc4 Nxh3+ 29. gxh3 Bg3 30. Qb2 Bxe1 31. Bf1 Qg3+ 32. Bg2 Bf2+ 33. Kf1 Rxc1+ 34. Qxc1 Bxf3 35. Qc8+ Kh7 36. Qc2+ f5 37. Qxf2 Bxg2+ 38. Qxg2 Qxa3 39. Nc6 Qc3 40. Kf2 g5 41. Qf3 Qc2+ 42. Kg1 Qc1+ 43. Kg2 Qb2+ 44. Kg1 Kg6 45. Qg2 Qc1+ 46. Kh2 Kf6 47. Nd4 Qf4+ 48. Qg3 Qxd4 49. Qb8 Qe5+ 50. Qxe5+ Kxe5 0-1

[Event "*** Titled Tuesday Blitz"]
[Site "Chess.com"]
[Date "2019.03.05"]
[Round "1"]
[White "1stSecond"]
[Black "2nd_life"]
[Result "1-0"]
[WhiteElo "2745"]
[BlackElo "2388"]
[TimeControl "180+2"]
[EndTime "13:07:36 PST"]
[Termination "1stSecond won by resignation"]

1. Nf3 Nf6 2. c4 e6 3. g3 b6 4. Bg2 Bb7 5. O-O c5 6. d4 cxd4 7. Qxd4 Be7 8. Nc3 d6 9. Bg5 a6 10. Rfd1 Nbd7 11. Qd2 Rc8 12. b3 O-O 13. Bf4 Ne8 14.
Rac1 Qc7 15. h4 Qb8 16. Qe3 Nc5 17. Bg5 Nf6 18. Qf4 h6 19. Bxf6 Bxf6 20. Ne1 Be5 21. Qe3 Bxg2 22. Nxg2 b5 23. cxb5 axb5 24. Ne1 b4 25. Ne4 Nxe4 26. Qxe4 d5 27. Qg4 Bc3 28. Nd3 Rc7 29. Nxb4 Bxb4 30. Rxc7 Qxc7 31. Qxb4 Qc2 32. Qd2 Rc8 33. Qxc2 Rxc2 34. Ra1 Rxe2 35. a4 Rb2 36. Ra3 d4 37. Kf1 d3 38. Ke1 Re2+ 39. Kd1 Rxf2 40. a5 e5 41. a6 e4 42. a7 e3 43. a8=Q+ Kh7 44. Qe4+ 1-0

[Event "*** Titled Tuesday Blitz"]
[Site "Chess.com"]
[Date "2019.03.05"]
[Round "1"]
[White "belisarius64"]
[Black "Perecke"]
[Result "1-0"]
[WhiteElo "2489"]
[BlackElo "2042"]
[TimeControl "180+2"]
[EndTime "13:07:40 PST"]
[Termination "belisarius64 won by resignation"]

1. e4 e5 2. Nf3 Nc6 3. Bc4 Bc5 4. O-O Nf6 5. d3 d6 6. c3 Bg4 7. h3 Bh5 8. Nbd2 Qd7 9. Re1 O-O-O 10. Nf1 Bg6 11. Ng3 Nh5 12. Nxe5 Nxe5 13. Nxh5 Nxc4 14. dxc4 Qe6 15. b3 Qe5 16. Nf4 Qxc3 17. Nxg6 Qxa1 18. Nxh8 Qf6 19. Be3 Bxe3 20. Rxe3 Rxh8 21. Qd5 Re8 22. Rf3 Qa1+ 23. Kh2 f6 24. Rg3 g6 25. Rf3 Qe5+ 26.
Qxe5 Rxe5 27. Rxf6 Rxe4 28. Rf7 Re2 29. a4 Rb2 30. Rxh7 Rxb3 31. Rg7 Rb4 32. Rxg6 Rxc4 33. g4 d5 34. h4 d4 35. h5 d3 36. h6 d2 37. h7 d1=Q 38. h8=Q+ Qd8 39. Rg8 1-0

[Event "*** Titled Tuesday Blitz"]
[Site "Chess.com"]
[Date "2019.03.05"]
[Round "1"]
[White "TheBigBoss04"]
[Black "ALEXJR20"]
[Result "1-0"]
[WhiteElo "2558"]
[BlackElo "2181"]
[TimeControl "180+2"]
[EndTime "13:07:41 PST"]
[Termination "TheBigBoss04 won by resignation"]

1. d4 d5 2. c4 c6 3. Nf3 Nf6 4. e3 e6 5. Bd3 Nbd7 6. O-O Bd6 7.
b3 O-O 8. Bb2 Ne4 9. Nbd2 f5 10.
Ne5 Nxe5 11. dxe5 Be7 12. Nf3 Bd7 13. Qe2 Be8 14. Nd4 Bf7 15. Rfd1 a6 16. Rac1 Qa5 17.
cxd5 cxd5 18. Bxe4 fxe4 19. Qg4 Qb6 20. h4 Rac8 21.
h5 h6 22. Ne2 Rc6 23. Bd4 Bc5 24.
Rxc5 Rxc5 25. Nf4 Rfc8 26. b4 Qxb4 27. Nxe6 Bxe6 28. Qxe6+ Kh8 29. Bxc5 Rxc5 30. Qe8+ Kh7 31. Qg6+ Kh8 32. e6 Rc7 33. Rxd5 Qe1+ 34. Kh2 1-0

[Event "*** Titled Tuesday Blitz"]
[Site "Chess.com"]
[Date "2019.03.05"]
[Round "1"]
[White "vinniethepooh"]
[Black "SamCopeland"]
[Result "1-0"]
[WhiteElo "2488"]
[BlackElo "2031"]
[TimeControl "180+2"]
[EndTime "13:07:41 PST"]
[Termination "vinniethepooh won by resignation"]

1. d4 Nf6 2. c4 c5 3. d5 e6 4. Nc3 exd5 5. cxd5 g6 6. e4 d6 7. Bf4 a6 8. a4 Bg7 9. Nf3 O-O 10. Be2 Qe7 11. Nd2 Nbd7 12. O-O Ne5 13. h3 Bd7 14. Bh2 c4 15. f4 Nd3 16. Nxc4 Nc5 17. e5 Nfe4 18. Nxe4 Nxe4 19. Bf3 Rfc8 20.
Nb6 dxe5 21. Nxc8 Qc5+ 22. Kh1 Nf2+ 23. Rxf2 Qxf2 24. Bg1 Qg3 25. Nb6 Bxh3 26. Bh2 Qh4 27. Nxa8 1-0

[Event "*** Titled Tuesday Blitz"]
[Site "Chess.com"]
[Date "2019.03.05"]
[Round "1"]
[White "NM2019"]
[Black "Paparama_1917"]
[Result "1-0"]
[WhiteElo "2078"]
[BlackElo "2473"]
[TimeControl "180+2"]
[EndTime "13:07:43 PST"]
[Termination "NM2019 won on time"]

1. e4 d6 2. d4 Nf6 3. Bd3 e5 4. c3 Nbd7 5. Nf3 g6 6. O-O Bg7 7. Bg5 h6 8. Be3 O-O 9. h3 d5 10. dxe5 Nxe4 11. Qc1 g5 12. Rd1 Qe7 13. Nbd2 Ndc5 14.
Bb1 Bf5 15. Bd4 Rfe8 16. b4 Ne6 17. Nxe4 dxe4 18. Nd2 c5 19. bxc5 Nxc5 20. Qa3 Nd3 21. Qxe7 Rxe7 22. Nxe4 Nb2 23. Re1 Rd8 24. Bc2 Bg6 25.
Bb3 Nd3 26. Re3 Nxe5 27. Nc5 1-0

[Event "*** Titled Tuesday Blitz"]
[Site "Chess.com"]
[Date "2019.03.05"]
[Round "1"]
[White "wonderfultime"]
[Black "Alopekos"]
[Result "1-0"]
[WhiteElo "2915"]
[BlackElo "2437"]
[TimeControl "180+2"]
[EndTime "13:07:45 PST"]
[Termination "wonderfultime won by resignation"]

1. Nf3 Nf6 2. d4 e6 3. Bf4 Be7 4. Nbd2 c5 5. c3 O-O 6. e3 b6 7. h3 Bb7 8. Bd3 d6 9. Bh2 Re8 10. O-O Bf8 11. Qe2 Nbd7 12. Rfd1 Qc7 13. e4 e5 14.
dxe5 dxe5 15. a4 a6 16. Bc4 h6 17. Nh4 Nb8 18. Ng6 Bd6 19. Bb3 b5 20. axb5 axb5 21.
Rxa8 Bxa8 22. Qxb5 Bc6 23. Qe2 Qb7 24. f3 Bb5 25.
Bc4 Ba4 26. b3 Bc6 27. Nf1 Bc7 28. Nh4 Nbd7 29. Nf5 Nb6 30. Bb5 Kh7 31. N1e3 g6 32. Nd6 Bxd6 33. Rxd6 Re6 34. Bxc6 1-0

[Event "*** Titled Tuesday Blitz"]
[Site "Chess.com"]
[Date "2019.03.05"]
[Round "1"]
[White "Kimster98"]
[Black "MishkaFighter"]
[Result "0-1"]
[WhiteElo "2606"]
[BlackElo "2296"]
[TimeControl "180+2"]
[EndTime "13:07:45 PST"]
[Termination "MishkaFighter won by resignation"]

1. Nf3 g6 2. d4 Nf6 3. g3 Bg7 4. Bg2 O-O 5. O-O d5 6. c4 c6 7. Qb3 a5 8. cxd5 a4 9. Qd1 cxd5 10. Nc3 Ne4 11. Nxa4 Qa5 12. Nc3 Nxc3 13. bxc3 Qxc3 14. Bd2 Qa3 15. Qb3 Nc6 16. e3 Qxb3 17.
axb3 Bf5 18. Rfc1 Be4 19. Bc3 Rfc8 20. Nd2 Bxg2 21. Kxg2 e6 22. b4 Ne7 23. Rxa8 Rxa8 24. b5 Rc8 25. Nb3 Nf5 26. Ba5 Rxc1 27. Nxc1 Nd6 28.
b6 Nc4 29. Bb4 Nxb6 30. Nd3 Nc4 31. Kf3 Bf8 32. Bc3 Bd6 33. Ke2 Kf8 34. f3 Ke7 35. e4 Kd7 36. Kf2 Kc6 37. h4 Kb5 38. g4 Ka4 39. exd5 exd5 40. Ke2 Kb3 41. Be1 b5 42. h5 b4 43. f4 Ka3 44. Kd1 b3 45. Bc3 Ne3+ 46.
Ke2 Nxg4 47. hxg6 fxg6 48. Kd2 Nf6 49. Bb2+ Ka4 50. Ke3 Kb5 51. Kf3 Kc4 52. Ne5+ Bxe5 53. dxe5 Ne8 54. Kg4 d4 55. Kf3 h5 56. Ke4 d3 57. Ke3 h4 58. Kf3 d2 59. Ke2 h3 60. Kxd2 h2 0-1

[Event "*** Titled Tuesday Blitz"]
[Site "Chess.com"]
[Date "2019.03.05"]
[Round "1"]
[White "DawidCzerw"]
[Black "Koksik_13"]
[Result "0-1"]
[WhiteElo "2263"]
[BlackElo "2627"]
[TimeControl "180+2"]
[EndTime "13:07:49 PST"]
[Termination "Koksik_13 won on time"]

1. d4 e6 2. c4 d5 3. Nf3 a6 4. g3 dxc4 5. Bg2 b5 6. O-O Bb7 7.
a4 Nf6 8. e3 Be7 9. Qe2 O-O 10.
e4 Nbd7 11. e5 Nd5 12. Nc3 Nxc3 13. bxc3 c5 14. axb5 axb5 15. Rb1 cxd4 16. Rxb5 d3 17. Qd2 Bc6 18. Rb1 Qc7 19. Qf4 h6 20. Qxc4 Nc5 21. Be3 Ra5 22. Bxc5 Rxc5 23. Qxd3 Rd8 24. Qe3 Bxf3 25.
Qxf3 Qxe5 26. Rb7 Bf6 27. Rd1 Rxd1+ 28. Qxd1 Qxc3 29. Rb8+ Kh7 30. Be4+ g6 31. Rb7 Rc7 32.
Rxc7 Qxc7 33. Qd3 Kg7 34. h4 h5 35. Kg2 Qc5 36. Qf3 Bd4 37. Ba8 e5 38. Bd5 f5 39.
Ba2 e4 40. Qe2 Qc6 41. Kh2 Qb6 42. Qc4 Bb2 43. Kg2 Qb7 44. Kh2 Kh6 45. Kg2 e3+ 46.
f3 Bg7 47. Qe2 Bd4 48. Qc4 Qb2+ 49. Kh3 Qa1 50. Kg2 Qb2+ 51. Kh3 e2 0-1

[Event "*** Titled Tuesday Blitz"]
[Site "Chess.com"]
[Date "2019.03.05"]
[Round "1"]
[White "calemcc"]
[Black "bootstar"]
[Result "0-1"]
[WhiteElo "2241"]
[BlackElo "2601"]
[TimeControl "180+2"]
[EndTime "13:07:51 PST"]
[Termination "bootstar won by resignation"]

1. d4 Nf6 2. c4 g6 3. f3 d5 4. e4 dxe4 5. Nc3 exf3 6. Nxf3 Bg7 7. Bg5 c5 8. d5 Qb6 9. Qd2 h6 10. Be3 Nbd7 11. Bd3 Ng4 12. Bf4 g5 13. Bg3 Nde5 14.
Nxe5 Nxe5 15. O-O Nxd3 16. Qxd3 Qxb2 17. Nb5 O-O 18. Rae1 Bf6 19. Rf2 Qb4 20. Ref1 Bg4 21. d6 Rad8 22. Qe4 Be6 23. dxe7 Bxe7 24. Rxf7 Bxf7 25. Qxe7 Qxc4 26. Nd6 Qd4+ 27. Kh1 Bd5 28. Nf5 Qf6 29. Qxc5 Rf7 30. h3 Kh7 31. Bd6 Bc6 32.
Rf2 Qe6 33. Kh2 Rxf5 34. Rxf5 Qxd6+ 0-1

[Event "*** Titled Tuesday Blitz"]
[Site "Chess.com"]
[Date "2019.03.05"]
[Round "1"]
[White "DonPreuss"]
[Black "DanielMieles1985"]
[Result "0-1"]
[WhiteElo "2199"]
[BlackElo "2573"]
[TimeControl "180+2"]
[EndTime "13:07:55 PST"]
[Termination "DanielMieles1985 won by checkmate"]

1. d4 Nf6 2. Nc3 d5 3. e4 dxe4 4. f3 e3 5. Bxe3 g6 6. Bd3 Bg7 7.
Nge2 O-O 8. O-O Nbd7 9. a3 e5 10.
d5 Nb6 11. Qe1 Nbxd5 12. Nxd5 Nxd5 13. Bd2 c6 14. Qg3 Qb6+ 15. Kh1 Ne3 16. Rfe1 Bf5 17. Nc3 Nxc2 18. Bxf5 Nxa1 19. Ne4 Nc2 20. Rf1 Nd4 21. Bh3 Qxb2 22. Qh4 f5 23. Ng5 h6 24. Bc1 Qb5 25.
Re1 hxg5 26. Bxg5 Qc4 27. Bh6 Qf7 28. Bg5 Bf6 29. f4 Bxg5 30. fxg5 e4 31. Qf4 Rad8 32.
g3 Ne6 33. Qe5 Nxg5 34. Bg2 Rd5 35. Qf4 Ne6 36. Qh6 Qg7 37. Qe3 Rfd8 38. h3 a6 39. a4 Rd3 40. Qf2 Qe5 41. a5 Rd1 42. h4 Rxe1+ 43.
Qxe1 Rd3 44. Kh2 f4 45. Bxe4 fxg3+ 46. Kh3 Rd4 47. h5 Qxe4 48. Qc1 Nf4+ 49. Kg4 Ne2+ 50. Kg5 Nxc1 51. Kh6 Qf4+ 52. Kxg6 Rd6# 0-1

[Event "*** Titled Tuesday Blitz"]
[Site "Chess.com"]
[Date "2019.03.05"]
[Round "1"]
[White "CaptainCasanova"]
[Black "Albertu"]
[Result "1-0"]
[WhiteElo "2790"]
[BlackElo "2403"]
[TimeControl "180+2"]
[EndTime "13:07:56 PST"]
[Termination "CaptainCasanova won by checkmate"]

1. e4 c5 2. Nf3 d6 3. d4 cxd4 4. Nxd4 Nf6 5. Nc3 a6 6. f3 Nbd7 7. Be3 e6 8. Qd2 b5 9. O-O-O Qc7 10. Kb1 Nb6 11. Qf2 Nfd7 12. g4 Nc5 13. h4 Bd7 14. g5 b4 15. Nce2 d5 16. Nb3 Rc8 17. exd5 Nxd5 18.
Ned4 Nxe3 19. Qxe3 Nxb3 20. cxb3 Bc5 21. Qe4 Bxd4 22.
Bxa6 Bc5 23. Bxc8 Bxc8 24. Rc1 O-O 25. Qc2 Ba6 26. Qxc5 Qf4 27. Rhd1 h5 28. gxh6 Qxh6 29. Qxb4 Qf6 30. Qc3 Qxh4 31. Rg1 Qh6 32. Qd4 Bb7 33. Rxg7+ Qxg7 34. Rg1 Qxg1+ 35. Qxg1+ Kh7 36.
Qh2+ Kg6 37. Qg3+ Kf6 38. Qh4+ Kg6 39. f4 Be4+ 40. Kc1 f6 41. Kd2 Rd8+ 42. Ke3 Bf5 43. Qg3+ Kf7 44. Qg2 Rc8 45. Qb7+ Kg6 46. Qxc8 e5 47.
Qg8+ Kh5 48. fxe5 fxe5 49. Qe8+ Kg4 50. Qxe5 Kh3 51. Qxf5+ Kh2 52. Qg4 Kh1 53. Kf2 Kh2 54. Qh5# 1-0

[Event "*** Titled Tuesday Blitz"]
[Site "Chess.com"]
[Date "2019.03.05"]
[Round "1"]
[White "senecacrane"]
[Black "Witik"]
[Result "0-1"]
[WhiteElo "2304"]
[BlackElo "2664"]
[TimeControl "180+2"]
[EndTime "13:07:57 PST"]
[Termination "Witik won by resignation"]

1. d4 d5 2. c4 e6 3. Nc3 c6 4.
g3 f5 5. Bg2 Nf6 6. Nh3 Bd6 7.
Nf4 O-O 8. O-O Qe7 9. Qc2 Nbd7 10. b3 Ne4 11. Bb2 b6 12. Rae1 Ba6 13. Nd1 Rac8 14. f3 Nef6 15. Nd3 c5 16. dxc5 Nxc5 17. Ne5 b5 18.
cxd5 Nxd5 19. Qd2 Rfd8 20. e4 fxe4 21. fxe4 Nf6 22. Qg5 b4 23. Nc4 e5 24. Re3 Ne6 25.
Qh4 Bxc4 26. bxc4 Bc5 27. Kh1 Rxd1 28. Rxd1 Bxe3 29. Bxe5 Nc5 30. Bxf6 Qxf6 31. Qxf6 gxf6 32. Re1 Bd2 33. Re2 Bc3 34. Bh3 Rd8 35. Rf2 a5 36. Rf5 Be5 37. g4 h6 38. Rf3 a4 39. Bf1 b3 0-1